cohdb
Replays
Latest Replays
All Replays
Popular Replays
Top Player Replays
Match Explorer
How It Works
Community
CoH3 Stats
Reddit
Sign in to upload your games and track your stats! →
Sign in with Steam
Match 44151005
Unlisted
Match 44151005
Overview
Messages
Build Orders
End
Pioneer Squad
Construct Infanterie Kompanie
Selects Mechanized Battlegroup
Grenadier Squad
MG 42 Machine Gun Team
Grenadier Squad
MG 42 Machine Gun Team
Construct Panzergrenadier Kompanie
251 Medium Carrier
Selects Raid Package
Panzergrenadier Squad
Selects StuG Assault Group
Selects 8 Rad Armored Car
8 Rad Armored Car
Swan
Rei
0
0
Comments
sign in to comment!
No comments posted yet!